 Dungeon Crawl Stone Soup version 0.31-a0-564-g3b7de120b3 (webtiles) character file.

Game seed: 8062366159437453183

118 kae the Changeling (level 5, 0/25 HPs)
             Began as a Vine Stalker Shapeshifter on Aug 17, 2023.
             Killed from afar by Sigmund (5 damage)
             ... with a puff of flame
             ... on level 2 of the Dungeon.
             The game lasted 00:01:13 (1129 turns).

kae the Changeling (Vine Stalker Shapeshifter)      Turns: 1129, Time: 00:01:14

Health: 0/25       AC:  2    Str: 18    XL:     5   Next: 2%
Magic:  0/6        EV: 12    Int:  8    God:
Gold:   116        SH:  0    Dex: 16    Spells: 4/4 levels left

rFire   . .          .
                       - Unarmed
rCold   . . .        (no shield)
rNeg    . . .        a - +0 animal skin
rPois   .            (helmet currently unavailable)
rElec   .            (cloak currently unavailable)
rCorr   .            (gloves currently unavailable)
SInv    .            (boots currently unavailable)
Will    .....        (no amulet)
Stlth   +            (no ring)
HPRegen 1.04/turn    (no ring)
MPRegen 0.10/turn

%: guardian spirit
@: beast-form
A: beast (slay +2), fangs 2, regeneration 1, magic shield, antimagic bite, no
potion heal 2
a: Begin Untransformation


You were on level 2 of the Dungeon.
You were a hulking beast.
You visited 1 branch of the dungeon, and saw 2 of its levels.

You collected 116 gold pieces.


Innate Abilities, Weirdness & Mutations

You are a hulking beast.
Your limbs bulge with bestial killing power. (Slay +2)
You have extremely sharp teeth.
Your natural rate of healing is unusually fast.
When hurt, damage is shared between your health and your magic reserves.
Your bite disrupts and absorbs the magic of your enemies.
Potions cannot restore your health.


   Skills:
 - Level 0.8 Fighting
 - Level 1.5 Dodging
 + Level 4.0 Unarmed Combat
 * Level 4.3 Shapeshifting


You had 4 spell levels left.
You didn't know any spells.
Your spell library contained the following spells:

 Spells                   Type           Power      Damage    Failure   Level
 Sublimation of Blood     Necr           0%         N/A       54%         2
 Petrify                  Tmut/Erth      0%         N/A       99%         4
 Irradiate                Conj/Tmut      0%         3d11      100%        5

Inventory:

Missiles
 e - 2 poisoned darts
 f - 9 stones
Armour
 a - a +0 animal skin (worn)
Jewellery
 L - a ring of flight
   (You found it on level 2 of the Dungeon)
Talismans
 c - a beast talisman (active)
 d - a flux talisman
Scrolls
 b - a scroll of teleportation {unknown}
 g - 2 scrolls of identify {@r1}
Potions
 h - a potion of heal wounds {unknown}
 i - a potion of might

Dungeon Overview and Level Annotations

Branches:
Dungeon (2/15) Zot: 10873

Altars:

Annotations:
D:2 Sigmund

##########
.<........ ### ###
#.....### .. ..
#.#.#.####.####. .##
†...............#..#
#.#...####.## #@...#
....>..... #h#.#
###...#### #.#.#
##.## #.#.# #.#
#.#.# ####.#
##.#.###### #....#
#.#.......# #.####
#..#.##.#.# #.###
#.##.##.#.# ....#
#.##.##.#.#


You could see Sigmund.


Message History

You kill the bat!
The ball python bites you but does no damage.
The ball python grabs you. The ball python constricts you.
You closely miss the ball python. You bite the ball python.
You kill the ball python!
A dart slug is nearby!
You hit the dart slug. You bite the dart slug. You drain its power.
The dart slug closely misses you.
You hit the dart slug.
You kill the dart slug!
You have reached level 5! 😎 HP[+4] MP[+1]
You now have 25 max hp (+4).
Your hp is fully restored (25).
Your mp is fully restored (6).
f - 9 stones (gained 4)
A goblin comes into view. It is wielding a +0 club.
The goblin unwields a +0 club.
The goblin wields a +0 sling.
The goblin shoots a sling bullet.
The sling bullet hits you but does no damage.
A goblin is nearby!
A goblin is nearby!
A goblin is nearby!
The goblin shoots a sling bullet.
The sling bullet closely misses you.
The goblin shoots a sling bullet.
The sling bullet closely misses you.
A goblin is nearby!
The goblin shoots a sling bullet.
The sling bullet hits you.
The goblin unwields a +0 sling.
The goblin wields a +0 club.
The goblin hits you with a +0 club. 😕 HP[-6] MP[-1]
You take 6 damage, and now have 19/25 hp.
MASSIVE DAMAGE!! (PAUSE)
You lost 1 mp, and now have 5/6 mp.
You punch the goblin!
You kill the goblin! 😕 HP[+1]
Things that are here:
a +0 club; a +0 sling; a goblin corpse; 😕 HP[+1] 😕 HP[+1]
You start resting. 😎 HP[+3]
Your hp is fully restored (25).
Unknown command.
Unknown command.
Things that are here:
a +0 club; a +0 sling; a goblin corpse
g - 2 scrolls of identify {@r1} (gained 1)
h - a coppery potion 😎 MP[+1]
Your mp is fully restored (6).
You now have 116 gold pieces (gained 14).
Sigmund is nearby!
Unknown command.
Sigmund is nearby!
Unknown command.
Sigmund is nearby!
Sigmund is nearby!
Sigmund is nearby!
Sigmund is nearby!
Sigmund is nearby!
Sigmund is nearby!
Sigmund is nearby!
Sigmund is nearby!
Sigmund is nearby!
You strike the helpless Sigmund from behind!
You hit Sigmund. Sigmund closely misses you.
Unknown command.
You punch Sigmund! Your bite misses Sigmund. You hit Sigmund. You bite Sigmund.
Sigmund's magic leaks into the air.
You drain his magic.
Sigmund screams, "You will never...
NEVER!!!"
Sigmund hits you with a +0 scythe. 😕 HP[-4] MP[-1]
You take 4 damage, and now have 21/25 hp.
You lost 1 mp, and now have 5/6 mp.
You hit Sigmund but do no damage. Your bite misses Sigmund.
Sigmund casts a spell at you. The puff of flame hits you!
You are too injured to fight recklessly! 😮 HP[-5] MP[-2]
You take 5 damage, and now have 16/25 hp.
You lost 2 mp, and now have 3/6 mp.
You barely miss Sigmund.
Sigmund's magic is no longer disrupted.
Sigmund zaps a wand.
The puff of flame hits you!
* * * LOW HITPOINT WARNING * * *
You closely miss Sigmund.
Sigmund points at you and mumbles some strange words.
The puff of flame hits you!
* * * LOW HITPOINT WARNING * * *
😱 HP[-13] MP[-2]
You take 13 damage, and now have 3/25 hp.
MASSIVE DAMAGE!! (PAUSE)
You lost 2 mp, and now have 1/6 mp.
You closely miss Sigmund. 😱 HP[+1]
You hit Sigmund. Your punch misses Sigmund.
Sigmund zaps a wand.
The puff of flame hits you.
You die...

Skill      XL: |  1  2  3  4 |
---------------+-------------+-----
Shapeshifting  | 4 |  4.3
Unarmed Combat | 4 |  4.0
Fighting       | |  0.8
Dodging        | |  1.5

Action                     |  1- 3 |  4- 6 || total
---------------------------+-------+-------++-------
  Melee: Unarmed           |    45 |    21 ||    66
         Bite              |     5 |     4 ||     9
         Punch             |     2 |       ||     2
    Use: Scroll            |     2 |       ||     2
         Potion            |     1 |       ||     1
   Stab: Sleeping          |     2 |       ||     2
         Distracted        |       |     1 ||     1
 Armour: Animal skin       |     4 |     2 ||     6
         Skin              |     4 |       ||     4
  Dodge: Dodged            |    17 |    14 ||    31

Levels and vault maps discovered:
D:1:      minmay_arrival_solitary_statue, layout_loops_ring, minmay_tromino_v2
D:2:      layout_loops_ring, uniq_crazy_yiuf_cottage, uniq_sigmund

Notes
Turn   | Place    | Note
-------+----------+-------------------------------------------
     0 | D:1      | kae the Vine Stalker Shapeshifter began the quest for the
                  | Orb.
     0 | D:1      | Reached XP level 1. HP: 9/9 MP: 2/2
     0 | D:1      | magus.rc [v1.11.3]
    89 | D:1      | Reached XP level 2. HP: 11/14 MP: 3/3
   604 | D:1      | You pick up a book of Alchemy and begin reading...
   604 | D:1      | You add the spells Sublimation of Blood, Petrify and
                  | Irradiate to your library.
   620 | D:1      | Reached XP level 3. HP: 17/17 MP: 4/4
   770 | D:2      | Noticed a phantom
   777 | D:2      | HP: 4/17 [phantom (2)]
   782 | D:2      | HP: 4/25 [phantom (4)]
   784 | D:2      | Killed a phantom
   785 | D:2      | Reached skill level 4 in Shapeshifting
   785 | D:2      | Gained mutation: Your natural rate of healing is unusually
                  | fast. [Vine Stalker growth]
   785 | D:2      | Reached XP level 4. HP: 4/21 MP: 0/5
   842 | D:2      | Noticed Sigmund
  1036 | D:2      | Reached skill level 4 in Unarmed Combat
  1053 | D:2      | Reached XP level 5. HP: 25/25 MP: 6/6
  1127 | D:2      | HP: 3/25 [Sigmund/puff of flame (8)]
  1129 | D:2      | Killed from afar by Sigmund

Vanquished Creatures
  A phantom (D:2)
  2 adders (D:2)
  A dart slug (D:2)
  3 ball pythons
  3 endoplasms (D:1)
  9 goblins
  A hobgoblin (D:1)
  3 quokkas
  3 bats
  A frilled lizard (D:1)
  2 rats (D:1)
29 creatures vanquished.

Table legend:
 A = Non-vault XP
 B = Vault XP
 C = Vault XP percentage of total XP
 D = Non-vault monster count
 E = Vault monster count
 F = Vault count percentage of total count
                 A         B        C        D         E       F
            +---------+---------+-------+---------+---------+-------
      Total |     165 |       4 |   2.4 |      27 |       2 |   6.9
            +---------+---------+-------+---------+---------+-------
        D:1 |      31 |       4 |  11.4 |      18 |       2 |  10.0
        D:2 |     134 |       0 |   0.0 |       9 |       0 |   0.0
            +---------+---------+-------+---------+---------+-------

Skill      XL: |  1  2  3  4 |
---------------+-------------+-----
Shapeshifting  | 4 |  4.3
Unarmed Combat | 4 |  4.0
Fighting       | |  0.8
Dodging        | |  1.5

Action                     |  1- 3 |  4- 6 || total
---------------------------+-------+-------++-------
  Melee: Unarmed           |    45 |    21 ||    66
         Bite              |     5 |     4 ||     9
         Punch             |     2 |       ||     2
    Use: Scroll            |     2 |       ||     2
         Potion            |     1 |       ||     1
   Stab: Sleeping          |     2 |       ||     2
         Distracted        |       |     1 ||     1
 Armour: Animal skin       |     4 |     2 ||     6
         Skin              |     4 |       ||     4
  Dodge: Dodged            |    17 |    14 ||    31

Illustrated notes

Table legend:
 A = Kills in this place as a percentage of kills in the entire game.
 B = Kills by you in this place as a percentage of kills by you in the entire game.
 C = Kills by friends in this place as a percentage of kills by friends in the entire game.
 D = Other kills in this place as a percentage of other kills in the entire game.
 E = Experience gained in this place as a percentage of experience gained in the entire game.
 F = Experience gained in this place divided by the number of levels of this place that you have seen.
                   A       B       C       D       E      F
               +-------+-------+-------+-------+-------+----------------------
         Total | 100.0 | 100.0 |   N/A |   N/A | 100.0 |  84.5
       Dungeon | 100.0 | 100.0 |   N/A |   N/A | 100.0 |  84.5
               +-------+-------+-------+-------+-------+----------------------

Table legend: (Time is in decaauts)
 A = Elapsed time spent in this place.
 B = Non-inter-level travel time spent in this place.
 C = Inter-level travel time spent in this place.
 D = Time resting spent in this place.
 E = Time spent auto-exploring this place.
 F = Levels seen in this place.
 G = Mean time per level.
                   A        B        C        D        E       F      G
               +--------+--------+--------+--------+--------+-----+--------+
         Total |   1125 |   1062 |     63 |     51 |    797 |   2 |  562.5 |
       Dungeon |   1125 |   1062 |     63 |     51 |    797 |   2 |  562.5 |
               +--------+--------+--------+--------+--------+-----+--------+

Top non-repeatable levels by time:
     D:1: 837 daAuts
     D:2: 288 daAuts
